 Dungeon Crawl Stone Soup version 0.24-a0-251-g44e327ef01 (webtiles) character file.

Game seed: 5704359408056193884

39 Redear the Shield-Bearer (level 3, -2/26 HPs)
             Began as an Octopode Fighter on Apr 17, 2019.
             Slain by a hobgoblin (7 damage)
             ... led by Robin
             ... on level 2 of the Dungeon.
             The game lasted 00:01:15 (589 turns).

Redear the Shield-Bearer (Octopode Fighter)          Turns: 589, Time: 00:01:15

Health: -2/26      AC:  1    Str: 15    XL:     3   Next: 45%
Magic:  3/3        EV: 12    Int: 10    God:
Gold:   54         SH:  8    Dex: 12    Spells: 2/2 levels left

rFire    . . .     SeeInvis .   a - +0 long sword
rCold    . . .     Gourm    .   b - +0 shield
rNeg     . . .     Faith    .   (helmet restricted)
rPois    .         Spirit   .   (no amulet)
rElec    .         Reflect  .   (no ring)
rCorr    .         Harm     .   (no ring)
MR       .....                  (no ring)
Stlth    +++.......             (no ring)
HPRegen  0.08/turn              (no ring)
MPRegen  0.08/turn              (no ring)
                                (no ring)
                                (no ring)

@: no status effects
A: almost no armour, stealthy swim, amphibious, 8 rings, constrict 8, camouflage
1, gelatinous body 1
a: no special abilities


You were on level 2 of the Dungeon.
You were not hungry.

You visited 1 branch of the dungeon, and saw 2 of its levels.

You collected 54 gold pieces.

Inventory:

Hand Weapons
 a - a +0 long sword (weapon)
Missiles
 d - 51 bolts
Armour
 b - a +0 shield (worn)
Scrolls
 e - a scroll of identify {unknown}
 f - a scroll of fear {unknown}
Potions
 c - a potion of might {Str+5 DMG+1d10 | @q3}
Comestibles
 z - a ration


   Skills:
 + Level 3.3 Fighting
 + Level 2.4 Long Blades
 + Level 3.3 Dodging
 + Level 1.7 Stealth
 + Level 3.3 Shields


You had 2 spell levels left.
You didn't know any spells.
Your spell library was empty.

Dungeon Overview and Level Annotations

Branches:
Dungeon (2/15)

Altars:
Trog
Zin

Annotations:
D:2 Robin


Innate Abilities, Weirdness & Mutations

You cannot wear most types of armour.
You are very stealthy in the water. (Stealth+)
You are amphibious.
You can wear up to eight rings at the same time.
You can use your tentacles to constrict eight enemies at once.
Your skin changes colour to match your surroundings (Stealth+).
Your rubbery body absorbs attacks. (AC +1, EV +1)


Message History

The goblin barely misses you. You block the hobgoblin's attack.
Robin roars a battlecry!
The goblins go into a battle-frenzy!
The goblin hits you with a +0 dagger.
Things that are here:
a +0 club; a goblin corpse You take 3 damage, and have 20/26 hp.
You hit the hobgoblin. Your grab misses the hobgoblin.
The hobgoblin is almost dead.
You block the goblin's attack. The hobgoblin hits you!
The goblin hits you with a +0 dagger.
* * * LOW HITPOINT WARNING * * *
You take 13 damage, and have 7/26 hp.
MASSIVE DAMAGE!!
Robin throws the goblin at you!
* * * LOW HITPOINT WARNING * * *
The goblin misses you.
You take 2 damage, and have 5/26 hp.
You barely miss the goblin. Your grab misses the goblin.
The hobgoblin hits you!
You die...

#....# #.# .# #....# #.#
.## #.#### #.# ..# #.# #.#
#.######. ##.##
#.#######.......#
#...######.#..............
#..........).####._.......
#...######.####.g.........
##### #.†g@g.#.........
########.g.gg....
#.g....... ##..gg....
..%...... .........
......... #.........


You could see Robin, a hobgoblin and a goblin.

Vanquished Creatures
  An adder (D:2)
  An ooze (D:1)
  A worm (D:2)
  7 goblins
  2 hobgoblins
  2 bats (D:1)
  2 frilled lizards (D:1)
  3 kobolds (D:1)
  3 rats
22 creatures vanquished.

Notes
Turn   | Place    | Note
-------+----------+-------------------------------------------
     0 | D:1      | Redear the Octopode Fighter began the quest for the Orb.
     0 | D:1      | Reached XP level 1. HP: 16/16 MP: 1/1
   105 | D:1      | Reached XP level 2. HP: 20/21 MP: 2/2
   109 | D:1      | Reached skill level 1 in Stealth
   468 | D:2      | Found a bloodstained altar of Trog.
   539 | D:2      | Reached XP level 3. HP: 25/26 MP: 3/3
   541 | D:2      | Found a glowing silver altar of Zin.
   546 | D:2      | Noticed Robin
   589 | D:2      | Slain by a hobgoblin

Levels and vault maps discovered:
D:1:      matt_arrival_diagonals, layout_basic
D:2:      layout_rooms, overflow_temple_1_default,
          nicolae_overflow_crystal_walls, led_sif_pool, uniq_robin, uniq_jessica

Skill      XL: |  1  2 |
---------------+-------+-----
Stealth        | 1 |  1.7
Fighting       | |  3.3
Long Blades    | |  2.4
Dodging        | |  3.3
Shields        | |  3.3

Action                   || total
-------------------------++-------
Melee: Long sword        ||    45
       Constrict         ||    13
       Tentacles         ||     6
 Stab: Sleeping          ||     4
Armor: Skin              ||    11
Dodge: Dodged            ||    24
Block: Shield            ||    25
       Rpst.: Long sword ||     2

Table legend:
 A = Non-vault XP
 B = Vault XP
 C = Vault XP percentage of total XP
 D = Non-vault monster count
 E = Vault monster count
 F = Vault count percentage of total count
                 A         B        C        D         E       F
            +---------+---------+-------+---------+---------+-------
      Total |      43 |      13 |  23.2 |      15 |       7 |  31.8
            +---------+---------+-------+---------+---------+-------
        D:1 |      23 |       0 |   0.0 |      12 |       0 |   0.0
        D:2 |      20 |      13 |  39.4 |       3 |       7 |  70.0
            +---------+---------+-------+---------+---------+-------
